 Dungeon Crawl Stone Soup version 0.24.0-123-gd5b16e6ec5 (webtiles) character file.

Game seed: 14569055559476234474, levelgen mode: deterministic

506 Bergy the Cudgeler (level 7, 0/41 HPs)
             Began as a Gargoyle Fighter on Dec 21, 2019.
             Was an Initiate of Makhleb.
             Slain by Sigmund
             ... wielding a +2 scythe of venom
              (2 damage)
             ... on level 6 of the Dungeon.
             The game lasted 00:13:04 (5330 turns).

Bergy the Cudgeler (Gargoyle Fighter)               Turns: 5330, Time: 00:13:05

Health: 0/41       AC: 13    Str: 24    XL:     7   Next: 18%
Magic:  0/7        EV:  7    Int:  9    God:    Makhleb [......]
Gold:   306        SH:  9    Dex:  9    Spells: 6/6 levels left

rFire    . . .     SeeInvis .   a - +0 flail
rCold    . . .     Gourm    .   c - +0 shield
rNeg     + . .     Faith    .   b - +0 scale mail
rPois    ∞         Spirit   +   (no helmet)
rElec    +         Reflect  .   (no cloak)
rCorr    .         Harm     .   i - +1 pair of gloves {Str+3}
MR       .....                  (no boots)
Stlth    ..........             y - amulet of guardian spirit
HPRegen  0.13/turn              (no ring)
MPRegen  0.10/turn              (no ring)

@: no status effects
A: negative energy resistance 1, electricity resistance, unbreathing,
petrification resistance, rot immunity, AC +4
a: Renounce Religion


You were on level 6 of the Dungeon.
You worshipped Makhleb.
Makhleb was noncommittal.
You were not hungry.

You visited 2 branches of the dungeon, and saw 7 of its levels.

You collected 306 gold pieces.

Inventory:

Hand Weapons
 a - a +0 flail (weapon)
Armour
 b - a +0 scale mail (worn)
 c - a +0 shield (worn)
 i - a +1 pair of gloves of strength (worn)
Jewellery
 o - an uncursed ring of protection from fire {unknown}
 t - a cursed -3 ring of intelligence {unknown}
 y - an amulet of guardian spirit (around neck)
 C - an uncursed amulet of the acrobat {unknown}
Scrolls
 g - 2 scrolls of noise {unknown}
 k - 4 scrolls of identify
 l - 3 scrolls of teleportation
 n - 2 scrolls of remove curse {unknown}
 q - 2 scrolls of enchant weapon {unknown}
 s - a scroll of immolation {unknown}
 u - a scroll of enchant armour {unknown}
 v - 2 scrolls of fog {unknown}
 w - 2 scrolls of amnesia {unknown}
Potions
 d - a potion of might
 e - 2 potions of agility {unknown}
 h - a potion of heal wounds {unknown}
 j - 3 potions of berserk rage
 m - a potion of curing
 p - 2 potions of lignification {unknown}
 r - a potion of cancellation {unknown}
 x - a potion of flight {unknown}
 z - a potion of ambrosia {unknown}
 A - a potion of brilliance {unknown}
 B - a potion of haste {unknown}
 D - 2 potions of invisibility {unknown}
Comestibles
 f - 8 rations


   Skills:
 - Level 3.2 Fighting
 * Level 7.6 Maces & Flails
 - Level 3.2 Armour
 - Level 3.2 Shields


You had 6 spell levels left.
You didn't know any spells.
Your spell library contained the following spells:

 Spells                   Type           Power        Failure   Level  Hunger
 Magic Dart               Conj           #...         99%         1    ##.....
 Searing Ray              Conj           #.....       100%        2    ###....
 Dazzling Spray           Conj/Hex       #.....       100%        3    ####...
 Force Lance              Conj/Tloc      #.......     100%        4    #####..
 Fulminant Prism          Conj/Hex       #.........   100%        4    #####..
 Iskenderun's Mystic Bla  Conj           #.......     100%        4    #####..


Dungeon Overview and Level Annotations

Branches:
Dungeon (6/15)             Temple (1/1) D:4

Altars:
Ashenzari
Elyvilon
Fedhas
Gozag
Hepliaklqana
Kikubaaqudgha
Makhleb
Okawaru
Qazlal
Ru
Trog
Vehumet
Wu Jian
Yredelemnul
Zin
The Shining One

Annotations:
D:6 Sigmund


Innate Abilities, Weirdness & Mutations

You are resistant to torment.
Your stone body is resilient. (AC +4)
You are immune to poison.
You resist negative energy. (rN+)
You are resistant to electric shocks. (rElec)
You can survive without breathing.
You are immune to petrification.
You are immune to rotting.


Message History

The phantom hits you but does no damage.
You closely miss the phantom.
The phantom is almost destroyed.
The iguana bites you but does no damage.
The phantom blinks!
Something hits you but does no damage.
Your shield prevents you from hitting the phantom.
The phantom is almost destroyed.
The iguana barely misses you.
The phantom hits you but does no damage.
You barely miss the phantom.
The phantom is almost destroyed.
Something hits you but does no damage. You block the iguana's attack.
You block the phantom's attack.
You completely miss the phantom.
The phantom is almost destroyed.
The iguana bites you but does no damage.
The phantom hits you.
* * * LOW HITPOINT WARNING * * *
Something hits you.
You die...

########## #.<.......
#.######## . #.# .. #.#
..# ##.###.###### ..#
#.....(.....# ..#
#..###.####.########..#
# #.# #.W@l{.....# #.#
#########..# ..# ..+
### ..# ..# ..# ..# ...


You could see a phantom and an iguana.

Vanquished Creatures
  4 slaves (D:4)
  A centaur (D:6)
  A howler monkey (D:6)
  A crimson imp (D:5)
  A hound (D:4)
  An orc priest (D:5)
  An orc wizard (D:6)
  4 worker ants
  7 adders
  2 oozes
  An adder zombie (D:5)
  A worm (D:4)
  4 dart slugs
  5 leopard geckos
  10 orcs
  3 ball pythons
  3 giant cockroaches
  8 hobgoblins
  3 jackals (D:2)
  7 kobolds
  8 bats
  6 frilled lizards
  5 goblins
  A leopard gecko skeleton (D:4)
  7 rats
95 creatures vanquished.

Vanquished Creatures (others)
  A worker ant (D:4)
  An adder (D:4)
2 creatures vanquished.

Grand Total: 97 creatures vanquished

Notes
Turn   | Place    | Note
-------+----------+-------------------------------------------
     0 | D:1      | Bergy the Gargoyle Fighter began the quest for the Orb.
     0 | D:1      | Reached XP level 1. HP: 14/14 MP: 1/1
   216 | D:1      | Reached XP level 2. HP: 19/19 MP: 2/2
   300 | D:1      | Reached skill level 3 in Maces & Flails
   405 | D:1      | Reached XP level 3. HP: 16/23 MP: 3/3
   891 | D:2      | You fall into a shaft and drop 1 floor!
  1135 | D:2      | Reached skill level 4 in Maces & Flails
  1207 | D:2      | Found an iron altar of Okawaru.
  1215 | D:2      | Reached XP level 4. HP: 26/28 MP: 4/4
  2083 | D:3      | Reached skill level 5 in Maces & Flails
  2102 | D:3      | Reached XP level 5. HP: 29/32 MP: 5/5
  2507 | D:4      | Found a staircase to the Ecumenical Temple.
  2656 | Temple   | Entered the Ecumenical Temple
  2717 | Temple   | Became a worshipper of Makhleb the Destroyer
  2780 | D:4      | Noticed Pikel
  2780 | D:4      | Noticed a slave
  2780 | D:4      | Noticed a slave
  2826 | D:4      | Killed a slave
  2853 | D:5      | Entered Level 5 of the Dungeon
  3083 | D:4      | Killed a slave
  3186 | D:4      | Noticed a slave
  3229 | D:4      | Killed a slave
  3336 | D:4      | Noticed a slave
  3363 | D:4      | Killed a slave
  4091 | D:5      | Noticed a centaur
  4108 | D:6      | Reached skill level 6 in Maces & Flails
  4108 | D:6      | Reached XP level 6. HP: 25/37 MP: 6/6
  4256 | D:6      | Reached skill level 7 in Maces & Flails
  4498 | D:6      | Reached XP level 7. HP: 10/41 MP: 7/7
  5224 | D:5      | Found a radiant altar of Vehumet.
  5225 | D:5      | Found a glowing golden altar of the Shining One.
  5300 | D:6      | Noticed Sigmund
  5325 | D:6      | HP: 2/41 [phantom (6)]
  5330 | D:6      | HP: 2/41 [phantom (1)]
  5330 | D:6      | Slain by Sigmund

Levels and vault maps discovered:
D:1:      dpeg_arrival_concentric_ovals, layout_loops_ring
D:2:      layout_basic, kennysheep_okawaru_gauntlet, first_ration
D:3:      layout_loops_ring
D:4:      layout_loops_ring, temple_doors_ab, serial_glass, glass_columns_b,
          glass_columns_b, lemuel_flame_loot_1, uniq_pikel
D:5:      layout_cave_pools, gammafunk_temple_overflow_pools
D:6:      layout_loops_ring, kennysheep_mini_moat, tgw_sif, serial_shops,
          nicolae_shop_trees, shop_fountains, grunt_decor_arrowhead,
          chequers_avenue, uniq_edmund, uniq_sigmund
Temple:   nicolae_temple_god_jail

Skill      XL: |  1  2  3  4  5  6 |
---------------+-------------------+-----
Maces & Flails | 3 4 5 6 7 |  7.6
Fighting       | |  3.2
Armour         | |  3.2
Shields        | |  3.2

Action                   |  1- 3 |  4- 6 |  7- 9 || total
-------------------------+-------+-------+-------++-------
Melee: Flail             |   143 |   300 |    43 ||   486
  Use: Potion            |       |     2 |       ||     2
       Scroll            |       |       |     4 ||     4
  Eat: Chunk             |     1 |     8 |       ||     9
       Ration            |       |     1 |     1 ||     2
Armor: Scale mail        |   120 |   198 |    30 ||   348
Dodge: Dodged            |    76 |   131 |    16 ||   223
Block: Shield            |    99 |   168 |    16 ||   283
